 Dungeon Crawl Stone Soup version 0.16.1-11-g651b585 (webtiles) character file.

910 KarvaRausku the Conjurer (level 7, -10/50 HPs)
             Began as a White Draconian Conjurer on Apr 7, 2015.
             Was an Initiate of Sif Muna.
             Killed from afar by KarvaRausku's ghost (22 damage)
             ... with a bolt of negative energy
             ... on level 5 of the Dungeon.
             The game lasted 00:23:08 (6728 turns).

KarvaRausku the Conjurer (White Draconian Conjurer) Turns: 6728, Time: 00:23:09

Health: -10/50     AC:  7    Str: 10    XL:     7   Next: 81%
Magic:  14/18      EV: 12    Int: 17    God:    Sif Muna [......]
Gold:   362        SH:  0    Dex: 12    Spells: 4 memorised, 4 levels left

rFire  + . .     SeeInvis .     (no weapon)
rCold  . . .     Clarity  .     (armour unavailable)
rNeg   . . .     SustAb   +     (no shield)
rPois  .         Gourm    .     (helmet restricted)
rElec  .         Spirit   .     (no cloak)
rCorr  +         Warding  .     n - +0 pair of gloves
rMut   .         Stasis   .     (no boots)
MR     .....                    a - amulet of resist corrosion
Stlth  ++........               s - ring of fire
                                k - ring of sustain abilities

@: short of breath, very slightly contaminated, heavily drained, not resistant
to hostile enchantments, unstealthy
A: breathe frost, unfitting armour, cold resistance 1, cold-blooded, AC +6
a: Breathe Frost, Renounce Religion


You were on level 5 of the Dungeon.
You worshipped Sif Muna.
Sif Muna was noncommittal.
You were near starving.

You visited 2 branches of the dungeon, and saw 6 of its levels.

You collected 362 gold pieces.

Inventory:

Hand weapons
 r - a +7 trident of venom
Missiles
 h - 16 sling bullets of flame (quivered)
Armour
 n - a +0 pair of gloves (worn)
 u - a +0 pair of gloves
Jewellery
 a - an amulet of resist corrosion (around neck)
 k - a ring of sustain abilities (left hand)
 s - a ring of fire (right hand)
Magical devices
 C - a wand of paralysis (10)
Scrolls
 g - 4 scrolls of remove curse {unknown}
 i - 3 scrolls of recharging {unknown}
 o - a scroll of random uselessness {unknown}
 p - a scroll of enchant armour {unknown}
 t - a scroll of blinking {unknown}
 v - 2 scrolls of enchant weapon {unknown}
 w - a scroll of amnesia {unknown}
 x - 2 scrolls of identify {unknown}
 y - a scroll of noise {unknown}
 F - a scroll of fear {unknown}
Potions
 b - 2 potions of brilliance {unknown}
 d - a potion of magic {unknown}
 e - 3 potions of curing {unknown}
 f - 2 potions of restore abilities {unknown}
 j - a potion of resistance
 l - 5 potions of heal wounds {unknown}
 q - a potion of degeneration {unknown}
 z - 2 potions of mutation {unknown}
 B - 2 potions of poison {unknown}
 D - 2 potions of invisibility {unknown}
 E - a potion of berserk rage {unknown}
Books
 c - a book of Conjurations

   Spells                             Type                      Level
   a - Magic Dart                     Conjuration                  1
   b - Searing Ray                    Conjuration                  2
   c - Dazzling Spray                 Conjuration/Hexes            3
   d - Fulminant Prism                Conjuration/Hexes            4
   e - Iskenderun's Mystic Blast      Conjuration                  4
   f - Iskenderun's Battlesphere      Conjuration/Charms           5
Comestibles
 m - 4 beef jerkies
 A - 2 bread rations


   Skills:
 + Level 3.4(2.0) Dodging
 + Level 3.8(2.4) Stealth
 * Level 4.7(3.3) Spellcasting
 + Level 5.3(3.9) Conjurations
 + Level 2.1(0.8) Hexes
 * Level 2.9(1.6) Charms


You had 4 spell levels left.
You knew the following spells:

 Your Spells              Type           Power        Failure   Level  Hunger
a - Magic Dart            Conj           ###.         3%          1    None
b - Searing Ray           Conj           ###...       6%          2    ##.....
c - Dazzling Spray        Conj/Hex       ##......     21%         3    ###....
d - Iskenderun's Battles  Conj/Chrm      ##......     98%         5    ######.


Dungeon Overview and Level Annotations

Branches:
Dungeon (5/15)             Temple (1/1) D:4

Altars:
Ashenzari
Cheibriados
Dithmenos
Elyvilon
Fedhas
Gozag
Kikubaaqudgha
Makhleb
Nemelex Xobeh
Okawaru
Qazlal
Sif Muna
Trog
Vehumet
Xom
Yredelemnul
Zin
The Shining One

Shops:
D:4 :   D:5 !

Annotations:
D:5 KarvaRausku's ghost, experienced DrCj


Innate Abilities, Weirdness & Mutations

You can breathe waves of freezing cold.
You can buffet flying creatures when you breathe cold.
Your icy white scales are hard (AC +6).
Your body does not fit into most forms of armour.
Your flesh is cold resistant.
Your cold-blooded metabolism reacts poorly to cold.


Message History

You are near starving!
KarvaRausku's ghost gestures at you while chanting.
The magic dart hits you!
The searing ray hits KarvaRausku's ghost.
The searing ray misses KarvaRausku's ghost.
KarvaRausku's ghost breathes negative energy at you.
The bolt of negative energy hits you!
You feel drained.
KarvaRausku's ghost gestures at you while chanting.
The magic dart hits you!
KarvaRausku's ghost gestures at you while chanting.
The magic dart hits you!
* * * LOW HITPOINT WARNING * * *
KarvaRausku's ghost points at you and mumbles some strange words.
The magic dart hits you!
* * * LOW HITPOINT WARNING * * *
KarvaRausku's ghost screams, "You will join me soon!"
KarvaRausku's ghost stares at you.
KarvaRausku's ghost breathes negative energy at you.
The bolt of negative energy hits you!
You feel drained.
You die...

.................................
#.8####+#+#..<...#############.##
#..###.............## #...
#...................####### ####
#.####....................#
######....................#
......................§§.§###
######....(.........(≈..≈.≈§#####
.....######.....@.≈.#^^..##≈^##..
..........#W#####.§≈#^^..≈≈.≈##..
..........#.# #..^^^^..##≈.##..
..........#.# #...^≈^.((.).##..
..........#W# #..(..._......#..
..........#.# ##≈≈^....§≈.≈§...
..........#.# #^≈§.^.^#≈^≈##..
.......W..#.# #§###...##^.##..
..........#.# #^≈#^..≈#^#^##..


You could see KarvaRausku's ghost.

Vanquished Creatures
  The ghost of KarvaRausku the Insei, an average DrTm (D:4)
  An ogre (D:4)
  A centaur (D:5)
  A scorpion (D:4)
  3 hounds (D:4)
  2 orc priests
  A giant frog skeleton (D:4)
  2 orc wizards
  A worker ant (D:4)
  Robin (D:3)
  5 adders
  3 gnolls
  A giant mite (D:3)
  4 worms
  3 giant geckos
  4 oozes
  4 orcs (D:3)
  3 ball pythons
  9 giant cockroaches
  20 goblins
  22 hobgoblins
  9 jackals
  10 bats
  7 giant newts
  6 kobolds
  2 quokkas
  A quokka skeleton (D:4)
  8 rats
135 creatures vanquished.

Notes
Turn   | Place    | Note
--------------------------------------------------------------
     0 | D:1      | KarvaRausku, the Draconian Conjurer, began the quest for the Orb.
     0 | D:1      | Reached XP level 1. HP: 14/14 MP: 3/3
   511 | D:1      | Reached XP level 2. HP: 20/20 MP: 2/4
  1341 | D:1      | Learned a level 2 spell: Searing Ray
  1660 | D:2      | Reached XP level 3. HP: 23/26 MP: 2/6
  1861 | D:2      | Learned a level 3 spell: Dazzling Spray
  2273 | D:2      | Reached XP level 4. HP: 33/33 MP: 0/9
  3160 | D:3      | Noticed Robin
  3294 | D:2      | Reached XP level 5. HP: 32/38 MP: 6/11
  3392 | D:3      | Killed Robin
  4108 | D:3      | Reached skill level 1 in Hexes
  4186 | D:4      | Learned a level 5 spell: Iskenderun's Battlesphere
  4271 | D:4      | Noticed KarvaRausku's ghost (average DrTm)
  4284 | D:4      | Killed KarvaRausku's ghost
  4284 | D:4      | Reached skill level 1 in Charms
  4284 | D:4      | Reached XP level 6. HP: 36/45 MP: 0/15
  4401 | D:4      | Reached skill level 5 in Conjurations
  4433 | D:4      | Your scales start taking on an icy white colour.
  4433 | D:4      | Gained mutation: Your flesh is cold resistant. [draconian maturity]
  4433 | D:4      | Reached XP level 7. HP: 28/50 MP: 4/17
  4596 | D:4      | Found Smumaom's Book Boutique.
  4634 | D:4      | Found a shimmering altar of Xom.
  4645 | D:4      | Found a staircase to the Ecumenical Temple.
  4654 | Temple   | Entered the Ecumenical Temple
  4743 | Temple   | Became a worshipper of Sif Muna the Loreminder
  5260 | D:4      | Noticed an ogre
  5302 | D:4      | Killed an ogre
  5416 | D:4      | Found a bloodstained altar of Trog.
  5416 | D:4      | Found a glowing golden altar of the Shining One.
  5494 | D:5      | Entered Level 5 of the Dungeon
  5504 | D:5      | Noticed KarvaRausku's ghost (experienced DrCj)
  5870 | D:5      | Found a stormy altar of Qazlal.
  5898 | D:5      | Found an opulent altar of Gozag.
  6214 | D:5      | Found Waizayca's Distillery.
  6345 | D:5      | Found a sparkling altar of Nemelex Xobeh.
  6728 | D:5      | Killed from afar by KarvaRausku's ghost

Action                   |  1- 3 |  4- 6 |  7- 9 || total
-------------------------+-------+-------+-------++-------
Melee: Unarmed           |    46 |    53 |    11 ||   110
 Cast: Magic Dart        |    77 |    91 |    51 ||   219
       Searing Ray       |     3 |    22 |    17 ||    42
       Dazzling Spray    |       |       |     4 ||     4
       Iskenderun's Batt |       |       |     1 ||     1
 Abil: Breathe Frost     |       |       |     1 ||     1
  Eat: Bread ration      |     1 |       |       ||     1
       Chunk             |       |     8 |     7 ||    15
